AoeStats
← Chuckles

Hideout

509349437Analyzed
1v1 RM · 7d ago on Sep 26, 2026· 27m 35s· 2 players
Game mode
Random Map
Map size
Tiny (2 player)
Population
200
Speed
Normal
Resources
Standard
Victory
Conquest
Starting age
Dark Age
Ending age
Imperial Age
RankedLock teamsTeams togetherTeam positionsShared explorationLock speedFull tech treeHidden civsTurbo modeCheats
Victory
Defeat
🇺🇸 Koreans · United States
680
+34
🇦🇷 Celts · Argentina
710
-39
Chuckles
10:36 Feudal Age
12:47 Loom
24:30 Castle Age
24:35 Forging
24:17 Fletching
24:28 Scale Mail Armor
24:59 Pikeman
25:40 Squires
25:05 Elite Skirmisher
26:33 Bodkin Arrow
26:57 Thumb Ring
low cortisol gaming
11:20 Feudal Age
11:52 Horse Collar
12:38 Double-Bit Axe
22:18 Castle Age
23:37 Husbandry
23:01 Light Cavalry
24:09 Scale Barding Armor
24:43 Heavy Plow
24:48 Elite Skirmisher
Connection lost

Rejoining the realm…

Still unreachable

The connection could not be restored.

Session expired

The server has moved on; the page needs a fresh start.